 Dungeon Crawl Stone Soup version 0.30.0-29-ga12c61a403 (webtiles) character file.

Game seed: 14674389543173233336

79 notrotatoenough the Conjurer (level 4, -3/24 HPs)
             Began as a Deep Elf Conjurer on June 26, 2023.
             Was an Initiate of Vehumet.
             Slain by a worm (4 damage)
             ... on level 2 of the Dungeon.
             The game lasted 00:04:31 (1851 turns).

notrotatoenough the Conjurer (Deep Elf Conjurer)    Turns: 1851, Time: 00:04:31

Health: -3/24      AC:  2    Str:  4    XL:     4   Next: 16%
Magic:  11/12      EV: 12    Int: 25    God:    Vehumet [......]
Gold:   23         SH:  0    Dex: 13    Spells: 8/11 levels left

rFire   . . .        (no weapon)
rCold   . . .        (no shield)
rNeg    . . .        a - +0 robe
rPois   .            (no helmet)
rElec   .            (no cloak)
rCorr   +            (no gloves)
SInv    .            (no boots)
Will    .....        (no amulet)
Stlth   ++           k - ring of resist corrosion
HPRegen 0.24/turn    (no ring)
MPRegen 0.13/turn

%: no passive effects
@: no status effects
A: no striking features
a: Renounce Religion


You were on level 2 of the Dungeon.
You worshipped Vehumet.
Vehumet was noncommittal.
You visited 1 branch of the dungeon, and saw 2 of its levels.

You collected 23 gold pieces.

Inventory:

Hand Weapons
 d - a +0 short sword
Armour
 a - a +0 robe (worn)
Jewellery
 k - a ring of resist corrosion (left hand)
Scrolls
 e - 2 scrolls of identify {unknown}
 f - a scroll of fear {unknown}
 j - a scroll of vulnerability {unknown}
Potions
 c - a potion of might {unknown}
 g - 3 potions of degeneration {unknown}
 h - a potion of flight {unknown}
 i - a potion of attraction {unknown}
 l - a potion of heal wounds {unknown}


   Skills:
 - Level 2.4 Dodging
 - Level 2.4 Stealth
 * Level 4.3 Spellcasting
 * Level 5.7 Conjurations


You had 8 spell levels left.
You knew the following spells:

 Your Spells              Type           Power      Damage    Failure   Level
a - Magic Dart            Conj           100%       1d8       1%          1
b - Searing Ray           Conj           66%        2d6       1%          2

Your spell library contained the following spells:

 Spells                   Type           Power      Damage    Failure   Level
 Shock                    Conj/Air       76%        1d7       2%          1
 Dazzling Flash           Conj/Hex       38%        N/A       9%          3
 Mephitic Cloud           Conj/Pois/Air  14%        N/A       12%         3
 Call Imp                 Summ           10%        N/A       14%         2
 Ensorcelled Hibernation  Hex/Ice        10%        N/A       14%         2
 Passwall                 Tmut/Erth      4%         N/A       14%         2
 Swiftness                Air            5%         N/A       26%         3
 Fulminant Prism          Conj/Hex       9%         3d7       26%         4
 Iskenderun's Mystic Bla  Conj/Tloc      19%        2d6       26%         4
 Airstrike                Air            2%         2d(1-17)  65%         4


Dungeon Overview and Level Annotations

Branches:
Dungeon (2/15)

Altars:
Vehumet


Message History

You feel sick.
You feel sick.
You feel sick.
You feel sick.
You feel sick.
You are no longer poisoned.
There is an escape hatch in the floor here.
Casting: Magic Dart (safe; 1% risk of failure)
Confirm with . or Enter, or press ? or * to list all spells.
Aiming: Searing Ray (safe; 1% risk of failure)
Press: ? - help, Shift-Dir - straight line, f - worm
Aim: a worm (93% to hit)
The searing ray hits the worm!
The worm is heavily wounded. (Press . to maintain the ray.)
The searing ray hits the worm.
The worm is severely wounded.
The worm bites you!
* * * LOW HITPOINT WARNING * * *
The searing ray hits the worm.
The worm is severely wounded.
Unknown command.
Casting: Searing Ray (safe; 1% risk of failure)
Confirm with . or Enter, or press ? or * to list all spells.
You don't have enough magic to cast this spell.
Magic courses through your body. The worm bites you.
* * * LOW HITPOINT WARNING * * *
The gnoll throws a poisoned dart.
The poisoned dart closely misses you.
The poisoned dart completely misses the worm.
Unknown command.
Okay, then.
Casting: Searing Ray (safe; 1% risk of failure)
Confirm with . or Enter, or press ? or * to list all spells.
Aiming: Magic Dart (safe; 1% risk of failure)
Press: ? - help, Shift-Dir - straight line, f/p - worm
Aim: a worm (severely wounded, 100% to hit)
The magic dart hits the worm.
The worm is almost dead.
The worm bites you.
You die...

##.#.####.#.......†..##..
...#
#.###.....####.#####.#..P
...# ##.#.####.####.#
#.#.P♣ ...#
##.#####......### #.PPP♣
...# ######......#.......#
#...(♣
...###........##.#...>...#
###...
..........#...##.#.<...).#
#..P
..........#......w.......#
####.P
..........#..g..@#.......#
#.....
...###.#..#...#>.#.......#
#.##.#
.....#..g........#.......#
#.##.#
.....###..P.P.#.##########
#.#..# .....# #..P♣♣♣....##
#.#.## ....##
##.P♣♣P.P...## #.#.## ....#
###...♣♣..P♣..## #.♣♣♣♣
....#
#.....♣PPP♣♣...#######♣♣..♣
##.##
#.##.P.PPP♣♣P.......##♣..†♣


You could see a worm and a gnoll.

Vanquished Creatures
  3 gnolls (D:2)
  An adder (D:2)
  4 ball pythons
  3 endoplasms (D:1)
  4 giant cockroaches
  4 goblins
  6 hobgoblins
  A quokka (D:2)
  A bat (D:1)
  6 frilled lizards
  5 kobolds
  A rat (D:2)
39 creatures vanquished.

Notes
Turn   | Place    | Note
-------+----------+-------------------------------------------
     0 | D:1      | notrotatoenough the Deep Elf Conjurer began the quest for
                  | the Orb.
     0 | D:1      | Reached XP level 1. HP: 10/10 MP: 6/6
   404 | D:1      | Reached XP level 2. HP: 5/15 MP: 1/8
   652 | D:1      | Reached skill level 5 in Conjurations
   695 | D:1      | Learned a level 2 spell: Searing Ray
  1284 | D:2      | Reached XP level 3. HP: 19/19 MP: 6/9
  1581 | D:2      | Found a radiant altar of Vehumet.
  1762 | D:2      | Became a worshipper of Vehumet
  1799 | D:2      | Reached XP level 4. HP: 24/24 MP: 4/12
  1850 | D:2      | HP: 1/24 [worm (5)]
  1851 | D:2      | Slain by a worm

Illustrated notes

Levels and vault maps discovered:
D:1:      evilmike_arrival_fibonacci_small, layout_basic, minmay_fountain_box,
          minivault_24
D:2:      layout_loops_cross, basic_altar, serial_forest,
          infiniplex_forest_zigzag_2, infiniplex_forest_lined_2,
          infiniplex_forest_clump_medium, infiniplex_forest_straight_4,
          infiniplex_forest_clump_double, infiniplex_forest_clump_large,
          uniq_robin, uniq_crazy_yiuf_cottage

Skill      XL: |  1  2  3 |
---------------+----------+-----
Conjurations   | 5 |  5.7
Spellcasting   | 4 |  4.3
Dodging        | |  2.4
Stealth        | |  2.4

Action                     |  1- 3 |  4- 6 || total
---------------------------+-------+-------++-------
   Cast: Magic Dart        |    57 |     6 ||    63
         Searing Ray       |     8 |     1 ||     9
    Use: Potion            |       |     1 ||     1
 Armour: Robe              |     1 |       ||     1
  Dodge: Dodged            |    14 |     1 ||    15
